 Dungeon Crawl Stone Soup version 0.27-a0-1188-g73eefd5def (webtiles) character file.

Game seed: 6991604289557783043

43 mandarbmax the Ruffian (level 3, -1/54 HPs)
             Began as a Troll Monk on May 22, 2021.
             Slain by a goblin
             ... wielding a +0 club
             ... led by Robin
              (4 damage)
             ... on level 3 of the Dungeon.
             The game lasted 00:02:43 (1491 turns).

mandarbmax the Ruffian (Troll Monk)                 Turns: 1491, Time: 00:02:44

Health: -1/54      AC:  4    Str: 20    XL:     3   Next: 37%
Magic:  2/2        EV:  5    Int:  6    God:
Gold:   83         SH: 11    Dex: 12    Spells: 2/2 levels left

rFire    . . .     SeeInvis .     - Unarmed
rCold    . . .     Faith    +   j - +0 tower shield
rNeg     . . .     Spirit   .   a - +0 robe
rPois    .         Reflect  .   (helmet restricted)
rElec    .         Harm     .   (no cloak)
rCorr    +         Rampage  .   (gloves unavailable)
Will     .....                  (boots unavailable)
Stlth    ..........             g - amulet of faith
HPRegen  1.18/turn              c - ring of resist corrosion
MPRegen  0.08/turn              (no ring)

@: berserking, very quick
A: large, unfitting armour, claws 3, regeneration 1, shaggy fur 1, tough skin 1
a: no special abilities


You were on level 3 of the Dungeon.
You visited 1 branch of the dungeon, and saw 3 of its levels.

You collected 83 gold pieces.

Inventory:

Missiles
 e - 4 large rocks (quivered)
Armour
 a - a +0 robe (worn)
 j - a +0 tower shield (worn)
Jewellery
 c - a ring of resist corrosion (left claw)
 g - an amulet of faith (around neck)
 i - a +4 ring of evasion


   Skills:
 + Level 2.9 Fighting
 + Level 2.9 Dodging
 - Level 1.0 Stealth
 * Level 3.5 Unarmed Combat


You had 2 spell levels left.
You didn't know any spells.
Your spell library was empty.

Dungeon Overview and Level Annotations

Branches:
Dungeon (3/15)

Altars:

Annotations:
D:3 Robin


Innate Abilities, Weirdness & Mutations

You are too large for most types of armour.
You have claws for hands.
Your natural rate of healing is unusually fast.
You are covered in fur. (AC +1)
You have tough skin. (AC +1)


Message History

The goblin hits you with a +0 dagger.
* * * LOW HITPOINT WARNING * * *
It was a potion of curing.
You feel better.
The goblin no longer looks unusually strong.
The goblin hits you with a +0 club. The goblin barely misses you.
The goblin hits you with a +0 dagger. The goblin hits you with a +0 club.
You block the goblin's attack. The goblin hits you but does no damage.
It was a potion of magic.
Magic courses through your body.
The goblin no longer looks unusually strong.
You block the goblin's attack.
The goblin hits you with a +0 dagger. x2
The goblin hits you with a +1 dagger of speed.
* * * LOW HITPOINT WARNING * * *
The goblin barely misses you. The goblin hits you with a +0 dagger.
* * * LOW HITPOINT WARNING * * *
You feel better.
The goblin no longer looks unusually strong.
You block the goblin's attack. x2; The goblin hits you but does no damage.
The goblin hits you with a +0 dagger. The goblin closely misses you.
The goblin completely misses you. The goblin hits you with a +0 dagger.
It was a potion of berserk rage.
A red film seems to cover your vision as you go berserk!
You feel yourself moving faster!
You feel mighty! The goblin hits you with a +0 club.
* * * LOW HITPOINT WARNING * * *
You block the goblin's attack. The goblin hits you with a +0 dagger.
* * * LOW HITPOINT WARNING * * *
You block the goblin's attack. The goblin hits you with a +0 club.
* * * LOW HITPOINT WARNING * * *
The goblin hits you with a +0 dagger.
* * * LOW HITPOINT WARNING * * *
Unknown command.
You claw the goblin!
You kill the goblin!
The goblin no longer looks unusually strong. x2
You block the goblin's attack.
The goblin hits you with a +1 dagger of speed.
* * * LOW HITPOINT WARNING * * *
Robin throws the goblin at you! You block the goblin's attack.
The goblin hits you with a +0 club.
You die...

##..##########
#..## ##.##
#..# #.##
###.# gg #...#
....#####g###
.......gg@g.#
......ggggg.#
.......gggJ.#
............#
####..#######
#.# ... ...#
.<


You could see Robin, an endoplasm, 3 hobgoblins and 8 goblins.

Vanquished Creatures
  2 dart slugs (D:1)
  4 endoplasms
  2 hobgoblins (D:1)
  3 jackals (D:1)
  4 quokkas
  7 ball pythons
  3 bats (D:1)
  4 frilled lizards
  4 goblins
  A kobold (D:2)
  6 rats
40 creatures vanquished.

Notes
Turn   | Place    | Note
-------+----------+-------------------------------------------
     0 | D:1      | mandarbmax the Troll Monk began the quest for the Orb.
     0 | D:1      | Reached XP level 1. HP: 22/22 MP: 0/0
     0 | D:1      | Noticed a vine stalker
     1 | D:1      | Noticed a draconian
     2 | D:1      | Noticed a dwarf
     6 | D:1      | Noticed a naga
     7 | D:1      | Noticed a vine stalker
     8 | D:1      | Noticed a draconian
     9 | D:1      | Noticed a draconian
    11 | D:1      | Noticed a gargoyle
    11 | D:1      | Noticed an ogre
    13 | D:1      | Noticed a formicid
    13 | D:1      | Noticed a dwarf
    15 | D:1      | Noticed a vine stalker
    17 | D:1      | Noticed a vampire
    17 | D:1      | Noticed a naga
    17 | D:1      | Noticed a draconian
    19 | D:1      | Noticed a ghoul
    21 | D:1      | Noticed a gargoyle
   224 | D:1      | Reached XP level 2. HP: 29/29 MP: 1/1
   476 | D:1      | Reached XP level 3. HP: 36/36 MP: 2/2
  1476 | D:3      | Noticed Robin
  1491 | D:3      | Slain by a goblin

Illustrated notes

Levels and vault maps discovered:
D:1:      shiori_arrival_whats_in_store_for_you, layout_loops_ring
D:2:      layout_basic
D:3:      layout_rooms, uniq_robin, uniq_ijyb

Action                   || total
-------------------------++-------
Melee: Unarmed           ||    91
  Use: Potion            ||     4
       Scroll            ||     1
 Stab: Sleeping          ||     7
Armor: Robe              ||    39
Dodge: Dodged            ||    47
Block: Tower shield      ||    31

Table legend: (Time is in decaauts)
 A = Elapsed time spent in this place.
 B = Non-inter-level travel time spent in this place.
 C = Inter-level travel time spent in this place.
 D = Time resting spent in this place.
 E = Time spent auto-exploring this place.
 F = Levels seen in this place.
 G = Mean time per level.
                   A        B        C        D        E       F      G
               +--------+--------+--------+--------+--------+-----+--------+
         Total |   1491 |   1426 |     65 |      0 |   1175 |   3 |  497.0 |
       Dungeon |   1491 |   1426 |     65 |      0 |   1175 |   3 |  497.0 |
               +--------+--------+--------+--------+--------+-----+--------+

Top non-repeatable levels by time:
     D:1: 730 daAuts
     D:2: 701 daAuts
     D:3: 59 daAuts
